 Dungeon Crawl Stone Soup version bcrawl-1.37.2 (webtiles) character file.

Game seed: 12125179359117663305

522527 Mehrunes the Basher (level 15, -32/128 HPs)
             Began as a Ghoul Chaos Knight on Nov 22, 2022.
             Was the Champion of Hepliaklqana.
             Annihilated by an ettin
             ... wielding a +0 dire flail
              (45 damage)
             ... on level 12 of the Dungeon.
             The game lasted 00:52:25 (19488 turns).

Mehrunes the Basher (Ghoul Chaos Knight)           Turns: 19488, Time: 00:52:26

Health: -32/128    AC: 37    Str: 23 (25) XL:     15   Next: 36%
Magic:  30/30      EV:  8    Int: 10      God:    Hepliaklqana [******]
Gold:   1101       SH:  3    Dex: 11 (12) Spells: 14/14 levels left

rFire    + + .     GDR:     34% f - +7 executioner's axe (vamp)
rCold    + + +     SeeInvis .   (shield currently unavailable)
rNeg     + . .     Gourm    .   O - +6 crystal plate armour
rPois    ∞         Faith    .   s - +2 helmet of Elitism {rElec MP+9 Stlth-}
rElec    +         Spirit   .   l - +0 cloak
rCorr    .         Reflect  +   Y - +0 pair of gloves "Polecvod" {rC+ Regen+}
MR       +....                  a - +0 pair of boots
Stlth    ..........             g - +3 amulet of reflection
HPRegen  0.71/turn              b - ring "Xigismi" {+Fly rF+ Str+2}
MPRegen  0.22/turn              N - ring "Kuownir" {rC+ AC-2 Slay+6} (curse)

@: rotting, studying Armour, quick
A: reduced essence, claws 1, rugged brown scales 1, thin metallic scales 1,
blurry vision 1, carnivore, cold resistance 2, deterioration 1, fire resistance
1, speed 1, negative energy resistance 1, poison resistance, partial torment
resistance, strong legs 1
a: Hop, Recall Ancestor, Ancestor Identity, Transference, Incarnate, Renounce
Religion, Evoke Flight


You were on level 12 of the Dungeon.
You worshipped Hepliaklqana.
Hepliaklqana was exalted by your worship.
You were very hungry.

You visited 4 branches of the dungeon, and saw 20 of its levels.

You collected 2983 gold pieces.
You spent 1882 gold pieces at shops.

Inventory:

Hand Weapons
 f - a +7 vampiric executioner's axe (weapon)
 Z - the +7 longbow "Piercer" {penet, EV-2}
   (You found it on level 6 of the Lair of Beasts)

   Ammo fired by it will pass through the targets it hits, potentially hitting
   all targets in its path until it reaches its maximum range.
   It affects your evasion (-2).
Armour
 a - a +0 pair of boots (worn)
 l - a +0 cloak (worn)
 s - the +2 helmet of Elitism (worn) {rElec MP+9 Stlth-}
   (You bought it in a shop in the Orcish Mines)

   It insulates you from electricity.
   It affects your magic capacity (+9).
   It makes you less stealthy.
 K - a +2 hat of see invisible
 O - a +6 crystal plate armour (worn)
 R - a +2 buckler
 Y - the +0 pair of gloves "Polecvod" (worn) {rC+ Regen+}
   (You acquired it in the Orcish Mines)

   It protects you from cold.
   It increases your rate of regeneration.
Jewellery
 b - the ring "Xigismi" (left hand) {+Fly rF+ Str+2}
   (You acquired it in the Orcish Mines)

   [ring of flight]

   It affects your strength (+2).
   It protects you from fire.
   It lets you fly.
 g - a +3 amulet of reflection (around neck)
 m - a +6 ring of dexterity
 r - an uncursed ring of stealth
 M - an uncursed ring of resist corrosion
 N - the cursed ring "Kuownir" (right hand) {rC+ AC-2 Slay+6}
   (You bought it in a shop on level 10 of the Dungeon)

   [ring of protection]

   It affects your AC (-2).
   It affects your accuracy and damage with ranged weapons and melee attacks
   (+6).
   It protects you from cold.
   It has a curse placed upon it.
 P - a +5 ring of protection
 V - a cursed -3 ring of evasion {unknown}
Wands
 k - a wand of charming (15)
 H - a wand of acid (11)
 I - a wand of digging (6)
 S - a wand of flame (20)
 X - a wand of scattershot (8)
Scrolls
 c - 6 scrolls of teleportation
 d - 3 scrolls of magic mapping
 h - 5 scrolls of fear
 i - 4 scrolls of identify
 j - 4 scrolls of fog
 n - 9 scrolls of amnesia
 u - 7 scrolls of remove curse
 A - 2 scrolls of blinking
 B - 3 scrolls of immolation
 G - 4 scrolls of vulnerability
 L - a scroll of noise
Potions
 o - a potion of might {unknown}
 p - 2 potions of degeneration
 t - 2 potions of flight
 v - 3 potions of mutation
 w - a potion of brilliance
 z - a potion of lignification
 C - 2 potions of resistance {unknown}
 D - 2 potions of magic {unknown}
 E - 4 potions of curing
 F - 4 potions of heal wounds
 J - 2 potions of agility {unknown}
 Q - a potion of haste {unknown}
 T - 3 potions of cancellation {unknown}
Miscellaneous
 W - a phantom mirror
Comestibles
 e - 24 rations {!d}


   Skills:
 + Level 14.1 Fighting
 * Level 5.7(11.2) Axes
   Level 14.6(15.0) Maces & Flails
 + Level 12.8 Armour
 - Level 10.0 Dodging
 - Level 4.3 Shields
 + Level 8.9 Invocations


You had 14 spell levels left.
You didn't know any spells.
Your spell library contained the following spells:

 Spells                   Type           Power        Failure   Level  Hunger
 Apportation              Tloc           #.....       100%        1    None
 Blink Other              Tloc           #.....       100%        1    None
 Freeze                   Ice            #.....       100%        1    None
 Magic Dart               Conj           #...         100%        1    None
 Static Discharge         Air            #.....       100%        1    None
 Summon Butterflies       Summ           #.......     100%        1    None
 Blink                    Tloc           N/A          100%        2    ####...
 Call Imp                 Summ           #.....       100%        2    ####...
 Poisonous Vapours        Pois/Air       #.....       100%        2    ####...
 Shock                    Conj/Air       #......      100%        2    ####...
 Swiftness                Chrm/Air       #.......     100%        2    ####...
 Throw Frost              Conj/Ice       #.....       100%        2    ####...
 Conjure Flame            Conj/Fire      #.......     100%        3    #####..
 Mephitic Cloud           Conj/Pois/Air  #.......     100%        3    #####..
 Ozocubu's Armour         Chrm/Ice       #.......     100%        3    #####..
 Portal Projectile        Tloc           #.....       100%        3    #####..
 Spider Form              Tmut/Pois      #..          100%        3    #####..
 Teleport Other           Tloc           #.......     100%        3    #####..
 Airstrike                Air            #.........   100%        4    ######.
 Fulminant Prism          Conj/Hex       #.........   100%        4    ######.
 Ice Form                 Ice/Tmut       #.......     100%        4    ######.
 Lightning Bolt           Conj/Air       #.......     100%        4    ######.
 Summon Ice Beast         Ice/Summ       #.......     100%        4    ######.
 Throw Icicle             Conj/Ice       #.......     100%        4    ######.
 Passage of Golubria      Tloc           N/A          100%        5    #######
 Summon Mana Viper        Hex/Summ       #.......     100%        5    #######
 Conjure Ball Lightning   Conj/Air       #.........   100%        6    #######
 Summon Hydra             Summ           #.........   100%        6    #######
 Orb of Destruction       Conj           #.........   100%        7    #######
 Spellforged Servitor     Conj/Summ      #.........   100%        7    #######


Dungeon Overview and Level Annotations

Branches:
Dungeon (12/12)            Temple (0/1) D:7            Lair (6/6) D:8
  Swamp (0/3) Lair:3        Snake (0/3) Lair:2        Slime (0/5) Lair:5
    Orc (1/1) D:8             Elf (1/3) Orc          Vaults (0/3) D:11
 Depths: D:12

Altars:
Ashenzari
Cheibriados
Hepliaklqana
Kikubaaqudgha
Nemelex Xobeh
Okawaru
Wu Jian
Xom
Yredelemnul
Jiyva

Shops:
D:6 %   D:8 ([   D:10 =[   Orc [?([}

Annotations:
Lair:1 exclusion: oklob plant


Innate Abilities, Weirdness & Mutations

Eating raw meat heals you.
You are immune to poison.
You have sharp fingernails.
You are carnivorous and can eat meat at any time.
You cover ground quickly.
You resist negative energy. (rN+)
Your system is resistant to poisons. (rPois)
You are less affected by unholy pain and torment.
You can hop short distances.
Your life essence is reduced to manifest your ancestor. (-10% HP)
You are partially covered in rugged brown scales. (AC +1, +3% HP)
You are partially covered in thin metallic scales. (AC +2)
Scrolls take you a little longer to read.
Your flesh is very cold resistant. (rC++)
Your body sometimes deteriorates upon taking damage.
Your flesh is heat resistant. (rF+)


Message History

Your self-preservation overcomes your need to hunt.
You block the deep troll's attack. The deep troll claws you!
The deep troll claws you but does no damage.
A centaur warrior comes into view.
The deep troll bites you but does no damage.
The deep troll claws you!
The deep troll claws you but does no damage.
The deep elf knight hits you but does no damage.
You slice the deep troll!!
You kill the deep troll!
You slice the ettin!!
You feel better.
You miss the deep elf knight.
A two-headed ogre comes into view.
It is wielding a +0 giant club and a +0 giant spiked club.
The ettin closely misses you.
The ettin hits you with a +0 great mace!!
The deep elf knight hits you with a +0 scimitar!
The ettin hits you with a +0 dire flail!!
* * * LOW HITPOINT WARNING * * *
The ettin hits you with a +0 great mace!!!
You die...
Xom snickers!

.............#
######..##.###
#..#########
#..........#
#..........#
#..........# .
#..........# ...
##########'#.....
#....C@..........
...c...e..........
.#.....C..........
#O###.............
. ...............
.#...########### #
###. #.


You could see an ettin, a centaur warrior, a two-headed ogre, a deep elf knight
and a cyclops.

Vanquished Creatures
  2 orc warlords (Orc)
  A minotaur (Lair:3)
  A merfolk avatar (Lair:6)
  3 hydras
  A two-headed ogre (D:12)
  An anaconda (Lair:6)
  An alligator snapping turtle (shapeshifter) (D:10)
  2 death yaks (D:8)
  A queen ant (Lair:1)
  A sea snake (Lair:6)
  A goliath frog (Lair:5)
  A deep troll (D:12)
  2 centaur warriors (D:11)
  A harpy (Lair:6)
  A cyclops (Orc)
  4 lindwurms
  2 orc sorcerers (Orc)
  2 ugly things (D:10)
  A manticore (Lair:6)
  5 black mambas
  12 elephants
  3 yaktaurs (D:11)
  10 cane toads
  3 rime drakes (Lair:6)
  9 komodo dragons
  3 polar bears
  5 trolls
  2 tyrant leeches (Lair:3)
  3 hornets
  10 hippogriffs
  3 harpy skeletons
  11 blink frogs
  A wraith (D:8)
  22 yaks
  4 wyverns
  A basilisk (D:8)
  A hungry ghost (D:8)
  Menkaure (D:7)
  A steam dragon (D:6)
  2 wargs (Orc)
  2 swamp worms (Lair:3)
  5 water moccasins
  5 crocodiles
  6 porcupines
  2 sky beasts
  4 soldier ants
  29 orc warriors
  4 ice beasts
  A black bear (Lair:2)
  2 phantoms
  11 ogres
  13 wolves
  9 bullfrogs
  2 kobold brigands
  A gnoll sergeant (D:9)
  2 centaurs
  2 scorpions
  7 killer bees
  A howler monkey (shapeshifter) (Lair:4)
  2 howler monkeys (D:7)
  25 orc priests
  A crimson imp (D:6)
  3 hounds
  3 jellies
  6 iguanas
  8 worker ants
  21 orc wizards
  A killer bee zombie (D:4)
  A hound skeleton (D:6)
  2 worker ant zombies
  13 gnolls
  A howler monkey skeleton (D:9)
  10 adders
  2 river rats (D:8)
  A shadow imp (D:10)
  An ooze (D:4)
  An adder zombie (D:8)
  An adder skeleton (D:4)
  3 worms
  4 dart slugs
  2 leopard geckos
  84 orcs
  2 giant cockroaches
  3 goblins
  7 hobgoblins
  11 jackals
  12 kobolds
  6 quokkas
  2 ball pythons
  6 bats
  3 frilled lizards
  A quokka zombie (D:6)
  7 rats
505 creatures vanquished.

Vanquished Creatures (collateral kills)
  Snorg (Lair:6)
  An ettin (D:8)
  A hydra (Lair:5)
  An anaconda (Lair:5)
  2 ogre magi
  A death yak (D:8)
  A sea snake (Lair:6)
  A skeletal warrior (D:11)
  A lindwurm (Lair:6)
  An orc sorcerer (Orc)
  2 manticores (Lair:6)
  3 elephants
  A cane toad (Lair:6)
  A jumping spider (D:11)
  2 rime drakes (Lair:6)
  A komodo dragon (Lair:2)
  2 polar bears (Lair:6)
  6 blink frogs
  3 harpy skeletons
  2 hornets (Lair:6)
  3 hippogriffs
  A spriggan (Lair:5)
  5 yaks
  2 basilisks
  A wyvern (Lair:6)
  A steam dragon (Lair:3)
  A golden eye (shapeshifter) (D:11)
  A hungry ghost (D:8)
  3 crocodiles
  4 water moccasins
  2 ice beasts
  A porcupine (Lair:2)
  2 orc warriors
  A soldier ant (D:8)
  A sky beast (D:6)
  A boggart (Lair:3)
  3 ogres
  A phantom (D:10)
  12 wolves
  3 bullfrogs
  A kobold brigand (D:6)
  A gnoll sergeant (D:8)
  3 centaurs
  2 scorpions
  A wyvern skeleton (D:8)
  A howler monkey (D:7)
  An electric eel (Lair:4)
  6 orc priests
  A hound (D:11)
  A bullfrog skeleton (D:6)
  8 orc wizards
  4 worker ants
  A hound skeleton (D:9)
  12 gnolls
  6 adders
  A dart slug (D:3)
  27 orcs
  A giant cockroach (D:2)
  A hobgoblin (D:3)
  3 jackals
  4 quokkas
  5 kobolds
  5 fungi
  8 plants
187 creatures vanquished.

Vanquished Creatures (others)
  2 elephants (Lair:3)
  A water moccasin (Lair:6)
  A wolf (Lair:3)
  10 knights
  2 ancestors
  A ball lightning (D:9)
  22 fungi
  23 plants
62 creatures vanquished.

Grand Total: 754 creatures vanquished

Notes
Turn   | Place    | Note
-------+----------+-------------------------------------------
     0 | D:1      | Mehrunes the Ghoul Chaos Knight began the quest for the
                  | Orb.
     0 | D:1      | Reached XP level 1. HP: 19/19 MP: 1/1
   111 | D:1      | Reached skill level 1 in Armour
   170 | D:1      | Reached XP level 2. HP: 19/27 MP: 2/2
   306 | D:1      | XOM: harmless Conj miscast
   818 | D:2      | Reached XP level 3. HP: 33/33 MP: 3/3
   912 | D:2      | Found a hazy altar of Hepliaklqana.
   913 | D:2      | Found a shimmering altar of Xom.
   913 | D:2      | Noticed a death ooze
   914 | D:2      | Noticed a death ooze
   914 | D:2      | Noticed a spectral ugly thing
   919 | D:2      | Fell from the grace of Xom
   919 | D:2      | Became a worshipper of Hepliaklqana the Forgotten
  1041 | D:2      | XOM: silly message
  1076 | D:2      | XOM: enchant monster (bad)
  1238 | D:2      | XOM: harmless Fire miscast
  1288 | D:2      | XOM is BORED!
  1288 | D:2      | XOM: medium Erth miscast
  1646 | D:2      | XOM: 5-stop teleportation journey
  1821 | D:3      | Found a basalt altar of Yredelemnul.
  1826 | D:3      | XOM: butterfly on damage
  1889 | D:3      | XOM: scenery: create altars
  1941 | D:3      | XOM: confuse monster(s)
  1943 | D:3      | Reached XP level 4. HP: 32/36 MP: 4/4
  1948 | D:3      | XOM: cast spell 'Leda's Liquefaction'
  1962 | D:3      | Reached XP level 5. HP: 37/42 MP: 5/5
  2035 | D:3      | Reached * piety under Hepliaklqana
  2050 | D:3      | Found a snail-covered altar of Cheibriados.
  2105 | D:3      | Found a shattered altar of Ashenzari.
  2146 | D:3      | XOM: scenery: create altars
  2496 | D:3      | Reached skill level 5 in Fighting
  2496 | D:3      | Reached XP level 6. HP: 44/50 MP: 6/6
  2508 | D:3      | XOM: scenery: create altars
  2510 | D:3      | XOM: god gift: helmet {god gift}
  2678 | D:3      | XOM: give mutations
  2678 | D:3      | Gained mutation: You are resistant to electric shocks.
                  | (rElec) [Xom's grace]
  2678 | D:3      | Gained mutation: You are partially covered in thin metallic
                  | scales. (AC +2) [Xom's grace]
  2678 | D:3      | Gained mutation: Your natural rate of healing is unusually
                  | fast. [Xom's grace]
  2678 | D:3      | Gained mutation: You are agile. (Dex +2) [Xom's grace]
  2780 | D:3      | Found a glowing silver altar of Zin.
  3149 | D:3      | XOM: give mutations
  3149 | D:3      | Gained mutation: Your flesh is cold resistant. (rC+) [Xom's
                  | grace]
  3149 | D:3      | Gained mutation: Your flesh is heat resistant. (rF+) [Xom's
                  | grace]
  3149 | D:3      | Gained mutation: Your muscles are strong. (Str +2) [Xom's
                  | grace]
  3149 | D:3      | Gained mutation: Your flesh is very heat resistant. (rF++)
                  | [Xom's grace]
  3303 | D:4      | Reached XP level 7. HP: 21/54 MP: 7/7
  3308 | D:4      | Reached skill level 5 in Maces & Flails
  3448 | D:4      | XOM: snakes to sticks
  3457 | D:4      | XOM: cast spell 'Cause Fear'
  3458 | D:4      | Reached XP level 8. HP: 35/63 MP: 8/8
  3556 | D:4      | XOM: give mutation
  3556 | D:4      | Gained mutation: You are robust. (+10% HP) [Xom's grace]
  3654 | D:4      | XOM: divination: detect items
  3729 | D:4      | Reached ** piety under Hepliaklqana
  3883 | D:4      | XOM: cloud trail
  3909 | D:4      | Reached skill level 5 in Dodging
  4273 | D:5      | Entered Level 5 of the Dungeon
  4287 | D:5      | XOM: mild Ice miscast
  4366 | D:5      | Remembered your ancestor Artagas as a knight
  4366 | D:5      | XOM: cast spell 'Statue Form'
  4367 | D:5      | XOM: confuse monster(s)
  4441 | D:5      | Found an ancient bone altar of Kikubaaqudgha.
  4822 | D:5      | Reached XP level 9. HP: 79/79 MP: 9/9
  5138 | D:6      | XOM: scenery: 1 doors close
  5159 | D:6      | Found a glowing golden altar of the Shining One.
  5193 | D:6      | Found Vohenu's Food Boutique.
  5212 | D:6      | Found an ornate altar of the Wu Jian Council.
  5232 | D:6      | XOM: confusion (+ monsters)
  5289 | D:6      | XOM: torment (42/79 hp)
  5294 | D:6      | Reached skill level 5 in Armour
  5363 | D:6      | XOM: god gift: 1045 gold pieces
  5427 | D:6      | XOM: give mutations
  5427 | D:6      | Gained mutation: Your body sometimes deteriorates upon
                  | taking damage. [Xom's mischief]
  5427 | D:6      | Lost mutation: Your body sometimes deteriorates upon taking
                  | damage. [Xom's mischief]
  5693 | D:6      | XOM: fog
  6089 | D:7      | XOM: harmless Ice miscast
  6130 | D:7      | Reached XP level 10. HP: 90/90 MP: 10/10
  6267 | D:7      | XOM: snakes to sticks
  6278 | D:7      | XOM: give mutations
  6278 | D:7      | Lost mutation: You are resistant to electric shocks.
                  | (rElec) [Xom's mischief]
  6278 | D:7      | Lost mutation: Your natural rate of healing is unusually
                  | fast. [Xom's mischief]
  6471 | D:7      | Reached *** piety under Hepliaklqana
  6664 | D:7      | XOM: torment (71/90 hp)
  6801 | D:7      | Found a staircase to the Ecumenical Temple.
  6979 | D:7      | Noticed Menkaure
  6979 | D:7      | XOM: cast spell 'Time Stop'
  6987 | D:7      | Killed Menkaure
  7141 | D:8      | XOM: potion effect (agility)
  7260 | D:8      | Reached skill level 10 in Maces & Flails
  7326 | D:8      | Noticed a death yak
  7326 | D:8      | Noticed a death yak
  7333 | D:8      | Noticed a death yak
  7401 | D:8      | XOM: blink monster(s)
  7409 | D:8      | Killed a death yak
  7430 | D:8      | XOM is BORED!
  7502 | D:8      | Found a staircase to the Orcish Mines.
  7503 | D:8      | XOM: enchant monster (good)
  7506 | D:8      | XOM: cast spell 'Chain of Chaos'
  7586 | D:8      | XOM: divination: detect items
  7643 | D:8      | Found Woinonie's Armour Shoppe.
  7652 | D:8      | Reached XP level 11. HP: 94/99 MP: 11/11
  7706 | D:8      | Found a staircase to the Lair.
  7860 | D:8      | Found Qoley's Antique Weapon Boutique.
  7925 | D:8      | Killed a death yak
  7927 | D:8      | XOM: scenery: create altars
  7930 | D:8      | Killed a death yak
  7931 | D:8      | Reached skill level 10 in Fighting
  7954 | D:8      | XOM: cloud trail
  7974 | D:8      | Bought a glowing morningstar for 231 gold pieces
  8049 | D:8      | XOM: confuse monster(s)
  8056 | D:8      | XOM: fog
  8206 | D:8      | XOM: summons friendly iron imp
  8480 | D:9      | XOM: polymorph ogre -> orc
  8484 | D:9      | XOM: potion effect (haste)
  8552 | D:9      | Reached **** piety under Hepliaklqana
  8850 | D:9      | Reached skill level 1 in Invocations
  9062 | D:9      | XOM: 1-stop teleportation journey
  9226 | D:9      | XOM: summons friendly ufetubus
  9229 | D:9      | XOM: polymorph ufetubus -> shadow imp
  9232 | D:9      | XOM: severe Air miscast
  9290 | D:9      | XOM: mild Erth miscast
  9385 | D:9      | Noticed an ogre mage
  9390 | D:9      | XOM: chaos cloud
  9393 | D:9      | Paralysed by you for 4 turns
  9394 | D:9      | Killed an ogre mage
  9678 | Lair:1   | Entered Level 1 of the Lair of Beasts
  9690 | Lair:1   | XOM: potion effect (magic)
  9697 | Lair:1   | Reached XP level 12. HP: 74/108 MP: 13/13
  9813 | Lair:1   | XOM: enchant monster (bad)
 10005 | Lair:1   | Noticed a six-headed hydra
 10011 | Lair:1   | XOM: enchant monster (good)
 10014 | Lair:1   | XOM: cast spell 'Time Stop'
 10016 | Lair:1   | Noticed a queen ant
 10016 | Lair:1   | a six-headed hydra changed into a queen ant
 10016 | Lair:1   | XOM: polymorph six-headed hydra -> queen ant
 10025 | Lair:1   | XOM: noise
 10030 | Lair:1   | Killed a queen ant
 10157 | Lair:1   | XOM: smoke on damage
 10224 | Lair:1   | XOM: harmless Chrm miscast
 10376 | Lair:1   | XOM: draining
 10449 | Lair:1   | XOM: scenery: create altars
 10477 | Lair:1   | XOM: give mutations
 10477 | Lair:1   | Lost mutation: You are agile. (Dex +2) [Xom's mischief]
 10477 | Lair:1   | Lost mutation: Your flesh is very heat resistant. (rF++)
                  | [Xom's mischief]
 10477 | Lair:1   | Gained mutation: Scrolls take you a little longer to read.
                  | [Xom's mischief]
 10644 | Lair:2   | XOM: polymorph adder -> scorpion
 10673 | Lair:2   | Found a staircase to the Snake Pit.
 10742 | Lair:2   | XOM: smoke on damage
 10837 | Lair:2   | XOM: stat loss: -1 Int (9/10)
 10888 | Lair:2   | XOM: 1-stop teleportation journey
 10977 | Lair:2   | Found an iron altar of Okawaru.
 11145 | Lair:2   | XOM: swap monsters
 11195 | Lair:2   | Reached ***** piety under Hepliaklqana
 11401 | Lair:2   | XOM: mild Tloc miscast
 11618 | Lair:3   | Noticed an eight-headed hydra
 11625 | Lair:3   | Noticed a minotaur
 11625 | Lair:3   | an eight-headed hydra changed into a minotaur
 11625 | Lair:3   | XOM: polymorph eight-headed hydra -> minotaur
 11630 | Lair:3   | XOM: swap monsters
 11646 | Lair:3   | Killed a minotaur
 11712 | Lair:3   | XOM: summons friendly rust devil
 11720 | Lair:3   | XOM: stat loss: -1 Dex (17/18)
 11738 | Lair:3   | XOM: blink monster(s)
 11762 | Lair:3   | XOM: enchant monster (bad)
 11766 | Lair:3   | XOM: medium Air miscast
 11774 | Lair:3   | Reached XP level 13. HP: 58/117 MP: 16/16
 11914 | Lair:3   | XOM: give mutations
 11914 | Lair:3   | Gained mutation: You occasionally shout uncontrollably at
                  | your foes. [Xom's mischief]
 11914 | Lair:3   | Lost mutation: Your muscles are strong. (Str +2) [Xom's
                  | mischief]
 12079 | Lair:3   | Found a staircase to the Swamp.
 12101 | Lair:3   | Reached skill level 5 in Invocations
 12151 | Lair:3   | XOM: polymorph blink frog -> boggart
 12166 | Lair:3   | Reached skill level 10 in Dodging
 12965 | Lair:4   | XOM: give mutation
 12965 | Lair:4   | Gained mutation: You have sharp toenails. [Xom's grace]
 13006 | Lair:4   | XOM: divine lightning
 13009 | Lair:4   | XOM: polymorph cane toad -> howler monkey
 13601 | Lair:4   | XOM: give mutations
 13601 | Lair:4   | Gained mutation: You are partially covered in rugged brown
                  | scales. (AC +1, +3% HP) [Xom's grace]
 13601 | Lair:4   | Gained mutation: Your flesh is very cold resistant. (rC++)
                  | [Xom's grace]
 13601 | Lair:4   | Gained mutation: Your muscles are strong. (Str +2) [Xom's
                  | grace]
 13727 | Lair:5   | XOM: potion effect (magic)
 13776 | Lair:5   | XOM: polymorph blink frog -> basilisk
 13792 | Lair:5   | XOM: destruction
 13797 | Lair:5   | Reached skill level 10 in Armour
 13809 | Lair:5   | XOM: polymorph blink frog -> hound
 13815 | Lair:5   | XOM: enchant monster (good)
 14037 | Lair:5   | Found a staircase to the Slime Pits.
 14037 | Lair:5   | Found a viscous altar of Jiyva.
 14201 | Lair:5   | XOM is BORED!
 14201 | Lair:5   | XOM: mild Hex miscast
 14257 | Lair:5   | XOM: polymorph elephant -> spriggan
 14265 | Lair:5   | XOM: give mutations
 14265 | Lair:5   | Lost mutation: Your muscles are strong. (Str +2) [Xom's
                  | mischief]
 14265 | Lair:5   | Gained mutation: Your body sometimes deteriorates upon
                  | taking damage. [Xom's mischief]
 14265 | Lair:5   | Lost mutation: You are robust. (+10% HP) [Xom's mischief]
 14265 | Lair:5   | Lost mutation: You occasionally shout uncontrollably at
                  | your foes. [Xom's mischief]
 14290 | Lair:5   | Reached skill level 1 in Shields
 14416 | Lair:5   | XOM: mild Tmut miscast
 14704 | Lair:6   | Entered Level 6 of the Lair of Beasts
 14708 | Lair:6   | XOM: polymorph blink frog -> soldier ant
 14766 | Lair:6   | Found a sparkling altar of Nemelex Xobeh.
 14766 | Lair:6   | XOM: 8-stop teleportation journey
 14798 | Lair:6   | Reached XP level 14. HP: 71/118 MP: 18/18
 14900 | Lair:6   | XOM: summons 1 hostile demon
 14963 | Lair:6   | Found the +7 longbow "Piercer" {penet, EV-2}
 14975 | Lair:6   | Noticed Snorg
 14975 | Lair:6   | XOM: summons 2 hostile demons
 14986 | Lair:6   | XOM: 1-stop teleportation journey
 14994 | Lair:6   | XOM: medium Erth miscast
 15080 | Lair:6   | XOM: medium Ice miscast
 15129 | Lair:6   | XOM: summons 1 hostile shadow creature
 15132 | Lair:6   | XOM: swap monsters
 15156 | Lair:6   | XOM: potion effect (haste)
 15185 | Lair:6   | Got a crystal broad axe
 15200 | Lair:6   | Identified the +7 broad axe "Jatitot" {antimagic, +Rage
                  | Int-5 Stlth+} (You found it on level 6 of the Lair of
                  | Beasts)
 15316 | Lair:6   | XOM: divination: detect creatures
 15327 | Lair:6   | XOM: 2-stop teleportation journey
 15336 | Lair:6   | XOM: confusion
 15360 | Lair:6   | Reached skill level 1 in Axes
 15466 | Lair:6   | XOM: noise
 15471 | Lair:6   | Killed Snorg
 15525 | Lair:6   | XOM: cleaving
 15641 | Lair:6   | XOM: divine lightning
 15661 | Lair:6   | XOM: divination: detect creatures
 15948 | Lair:6   | XOM: summons friendly ufetubus
 15974 | Lair:6   | Identified the Handbook of Lightness and the Entourage
 16026 | Lair:6   | Got a bloodstained scale mail
 16037 | Lair:6   | Identified the cursed +0 scale mail "Muosch" {-Tele Dex+8}
                  | (You found it on level 6 of the Lair of Beasts)
 16284 | Lair:6   | XOM: cloud trail
 16407 | Lair:1   | XOM: 4-stop teleportation journey
 16497 | Orc      | Entered the Orcish Mines
 16497 | Orc      | Reached ****** piety under Hepliaklqana
 16500 | Orc      | XOM: enchant monster (good)
 16500 | Orc      | XOM: butterfly on damage
 16502 | Orc      | XOM: enchant monster (good)
 16518 | D:8      | XOM: scenery: create altars
 16626 | Orc      | Noticed an orc warlord
 16765 | Orc      | Killed an orc warlord
 16789 | Orc      | Found a roughly hewn altar of Beogh.
 16790 | Orc      | XOM: polymorph orc warrior -> gnoll
 16886 | Orc      | Paralysed by an orc sorcerer for 2 turns
 16966 | Orc      | Found a staircase to the Elven Halls.
 17035 | Orc      | Found a roughly hewn altar of Beogh.
 17079 | Orc      | Found a roughly hewn altar of Beogh.
 17083 | Orc      | Found Yricao's Gadget Shop.
 17207 | Orc      | Found Etiyriep's Magic Scroll Boutique.
 17234 | Orc      | Bought a scroll of enchant armour for 105 gold pieces
 17234 | Orc      | Bought a scroll of enchant armour for 105 gold pieces
 17234 | Orc      | Bought a scroll of acquirement for 728 gold pieces
 17234 | Orc      | XOM: harmless Necr miscast
 17239 | Orc      | Identified the +0 pair of gloves "Polecvod" {rC+ Regen+}
                  | (You acquired it in the Orcish Mines)
 17239 | Orc      | Identified the amulet of the Sun {RegenMP MP+9 Str+3} (You
                  | acquired it in the Orcish Mines)
 17255 | Orc      | Identified the ring "Disooluo" {rElec Str+3} (You acquired
                  | it in the Orcish Mines)
 17334 | Orc      | Found a roughly hewn altar of Beogh.
 17369 | Orc      | Noticed an orc warlord
 17371 | Orc      | XOM: fake destruction
 17383 | Orc      | Reached XP level 15. HP: 102/127 MP: 21/21
 17383 | Orc      | XOM: harmless Summ miscast
 17389 | Orc      | XOM: polymorph orc sorcerer -> warg
 17393 | Orc      | Killed an orc warlord
 17412 | Orc      | Found Toetawnek's Antique Armour Shop.
 17429 | Orc      | Found Mylar's Antique Weapon Boutique.
 17430 | Orc      | Found a roughly hewn altar of Beogh.
 17438 | Orc      | Bought a transparent helmet for 285 gold pieces
 17449 | Orc      | Identified the +2 helmet of Elitism {rElec MP+9 Stlth-}
                  | (You bought it in a shop in the Orcish Mines)
 17475 | Orc      | Identified the +9 great mace "Guizeppe" {crush, rElec Int-2
                  | Dex+5} (You acquired it in the Orcish Mines)
 17475 | Orc      | Identified the ring "Xigismi" {+Fly rF+ Str+2} (You
                  | acquired it in the Orcish Mines)
 17564 | Orc      | XOM: harmless Ice miscast
 17621 | Orc      | Found a roughly hewn altar of Beogh.
 17659 | Orc      | Found a roughly hewn altar of Beogh.
 17682 | Orc      | Found Cuplaul's Armour Shop.
 17833 | Elf:1    | Entered Level 1 of the Elven Halls
 17919 | D:10     | Entered Level 10 of the Dungeon
 17928 | D:10     | Found Gehoa's Armour Shop.
 17934 | D:10     | Noticed Frances
 17935 | D:10     | XOM: divination: magic mapping
 17936 | D:10     | Found the +3 sling "Punk" {acid, rCorr}
 17936 | D:10     | Frances changed into Frances the alligator snapping turtle
 17936 | D:10     | XOM: polymorph Frances -> Frances the alligator snapping
                  | turtle
 17948 | D:10     | XOM: confusion (+ monsters)
 18006 | D:10     | XOM: 2-stop teleportation journey
 18169 | D:10     | XOM: mild Hex miscast
 18436 | D:10     | Found Kepnib's Jewellery Shop.
 18444 | D:10     | Bought the cursed ring "Kuownir" {rC+ AC-2 Slay+6} for 428
                  | gold pieces
 18813 | D:11     | Reached skill level 5 in Axes
 18876 | D:11     | Found a snail-covered altar of Cheibriados.
 19091 | D:11     | XOM: polymorph two-headed ogre -> jumping spider
 19094 | D:11     | XOM: give mutation
 19094 | D:11     | Lost mutation: You have sharp toenails. [Xom's mischief]
 19114 | D:11     | Found a gate to the Vaults.
 19140 | D:11     | XOM: mild Summ miscast
 19150 | D:11     | XOM: harmless Ice miscast
 19219 | D:11     | XOM: confusion
 19461 | D:12     | Entered Level 12 of the Dungeon
 19488 | D:12     | Annihilated by an ettin

Skill      XL: |  1  2  3  4  5  6  7  8  9 10 11 12 13 14 15 |
---------------+----------------------------------------------+-----
Armour         | 1 2 3 4 5 6 7 9 10 12 | 12.8
Fighting       | 4 5 6 7 8 9 10 11 12 13 14 | 14.1
Dodging        | 3 4 5 6 7 8 9 10 | 10.0
Maces & Flails | 4 5 7 9 10 11 13 14 | 14.6
Invocations    | 2 4 6 8 |  8.9
Shields        | 1 4 |  4.3
Axes           | 4 5 |  5.7

Action                   |  1- 3 |  4- 6 |  7- 9 | 10-12 | 13-15 || total
-------------------------+-------+-------+-------+-------+-------++-------
Melee: Whip              |   138 |    87 |       |       |       ||   225
       Mace              |     9 |       |       |       |       ||     9
       Morningstar       |       |    51 |   285 |   629 |   626 ||  1591
       Broad axe         |       |       |       |       |    95 ||    95
       Executioner's axe |       |       |       |       |   199 ||   199
Invok: Recall Ancestor   |     3 |     1 |     4 |     9 |    10 ||    27
       Ancestor Identity |     2 |       |       |       |       ||     2
       Ancestor Life: Kn |       |       |     1 |       |       ||     1
       Transference      |       |       |       |     1 |       ||     1
       Incarnate         |       |       |       |     1 |       ||     1
 Abil: Hop               |       |       |     1 |     5 |     3 ||     9
Evoke: Wand              |       |       |       |     2 |       ||     2
  Use: Scroll            |       |       |     7 |     4 |    27 ||    38
       Potion            |       |       |       |     2 |     3 ||     5
 Stab: Confused          |     1 |     1 |       |     4 |       ||     6
       Distracted        |       |     1 |     1 |     3 |     8 ||    13
       Sleeping          |       |       |       |     9 |       ||     9
  Eat: Chunk             |     9 |     4 |    20 |    60 |    84 ||   177
       Ration            |       |       |       |     1 |     3 ||     4
Armor: Leather armour    |    55 |    41 |       |       |       ||    96
       Ring mail         |       |     2 |    35 |       |       ||    37
       Scale mail        |       |       |   117 |   263 |   387 ||   767
       Skin              |       |       |     2 |       |       ||     2
       Crystal plate arm |       |       |       |       |   350 ||   350
Dodge: Dodged            |    97 |    95 |   250 |   554 |   791 ||  1787
Block: Other             |    16 |    14 |    44 |    91 |    71 ||   236
       Reflection        |       |     1 |     2 |       |     8 ||    11
       Buckler           |       |       |       |       |   396 ||   396
